 Dungeon Crawl Stone Soup version 0.20-a0-217-g17e8ceb (webtiles) character file.

39 Coron the Vexing (level 3, -1/33 HPs)
             Began as a Deep Dwarf Arcane Marksman on Nov 28, 2016.
             Blown up by Ijyb (12 damage)
             ... with a wand of disintegration (?/24)
             ... on level 2 of the Dungeon.
             The game lasted 00:05:00 (973 turns).

Coron the Vexing (Deep Dwarf Arcane Marksman)        Turns: 973, Time: 00:05:01

Health: -1/33      AC:  5    Str: 15    XL:     3   Next: 26%
Magic:  4/4        EV: 11    Int: 13    God:
Gold:   56         SH:  0    Dex: 12    Spells: 3/4 levels left

rFire  . . .     SeeInvis .     i - +0 spear
rCold  . . .     Gourm    .     r - +0 ring mail
rNeg   . . .     Faith    .     (no shield)
rPois  .         Spirit   .     (no helmet)
rElec  .         Reflect  .     (no cloak)
rCorr  .         Harm     .     (no gloves)
MR     .....                    (no boots)
Stlth  +.........               (no amulet)
                                (no ring)
                                (no ring)

@: non-regenerating
A: damage resistance, recharge devices, sense surroundings 1, slow regeneration
3
a: Device Recharging


You were on level 2 of the Dungeon.
You were not hungry.

You visited 1 branch of the dungeon, and saw 2 of its levels.

You collected 56 gold pieces.

Inventory:

Hand Weapons
 i - a +0 spear (weapon)
Missiles
 c - a javelin (quivered)
 d - 2 throwing nets
Armour
 a - a +0 robe
 r - a +0 ring mail (worn)
Jewellery
 q - an uncursed ring of fire
 t - an uncursed amulet of guardian spirit {unknown}
 u - an uncursed ring of fire
Wands
 e - a wand of heal wounds (5/9)
Scrolls
 j - 2 scrolls of noise {unknown}
 k - a scroll of recharging {unknown}
 n - a scroll of enchant weapon {unknown}
 o - a scroll of identify {unknown}
 p - a scroll of remove curse {unknown}
 s - a scroll of amnesia {unknown}
Potions
 g - 2 potions of degeneration {unknown}
 h - 2 potions of agility {unknown}
 m - a potion of resistance {unknown}
 v - a potion of lignification {unknown}
Books
 b - a book of Debilitation

   Spells                             Type                      Level
   a - Corona                         Hexes                        1
   b - Slow                           Hexes                        2
   c - Gell's Gravitas                Hexes/Translocation          3
   d - Inner Flame                    Hexes/Fire                   3
   e - Cause Fear                     Hexes                        4
   f - Leda's Liquefaction            Hexes/Earth                  4
Comestibles
 f - a bread ration
 l - 3 chunks of flesh


   Skills:
 - Level 2.4 Fighting
 - Level 1.7 Throwing
 + Level 1.6 Armour
 - Level 2.1 Dodging
 - Level 1.0 Spellcasting
 - Level 2.4 Hexes


You had 3 spell levels left.
You knew the following spells:

 Your Spells              Type           Power        Failure   Level  Hunger
a - Corona                Hex            #......      21%         1    ##.....


Dungeon Overview and Level Annotations

Branches:
Dungeon (2/15)

Altars:

Annotations:
D:2 Ijyb


Innate Abilities, Weirdness & Mutations

You are resistant to damage.
You can recharge devices by infusing magical energy.
You passively map a small area around you.
You do not regenerate.


Message History

You throw a javelin. The javelin closely misses Ijyb.
The javelin hits the kobold.
The kobold is heavily wounded.
The hobgoblin barely misses you. Ijyb closely misses you.
The frilled lizard closely misses you. The hobgoblin hits you with a club.
Ijyb hits you but does no damage.
Throwing (i - inventory. (,) - cycle):
c - 3 javelins (quivered)
Press: ? - help, Shift-Dir - straight line, f/p - Ijyb
Aim: Ijyb You throw a javelin.
The javelin barely misses Ijyb.
The kobold blocks the javelin.
The frilled lizard bites you but does no damage.
The hobgoblin hits you with a club. Ijyb hits you but does no damage.
The frilled lizard barely misses you.
Throwing (i - inventory. (,) - cycle):
c - 2 javelins (quivered)
Press: ? - help, Shift-Dir - straight line, f/p - Ijyb
Aim: Ijyb You throw a javelin.
The javelin closely misses Ijyb.
The kobold hits you but does no damage.
Ijyb zaps a wand.
You are blasted!
You die...

#.........>.....# , *
#...............##### *,
##.......(......#..>..
.........#............
$.......###........... *
....[...........#..... ,
, .......>#..........#.#
, ......gl.............#
* ,
((..((g@..............*
,
......K..#..............
,,
................####....
*
........#....#.#####....
,
............<......#...#
#####...................
, *#....#####.....#####
, , ,....######.....##
................#


You could see Ijyb, a hobgoblin, a kobold and a frilled lizard.

Vanquished Creatures
  An adder (D:2)
  An ooze (D:1)
  A worm (D:2)
  A ball python (D:1)
  A hobgoblin (D:1)
  6 bats
  A frilled lizard (D:1)
  6 goblins
  4 kobolds (D:1)
  3 rats
25 creatures vanquished.

Notes
Turn   | Place    | Note
-------+----------+-------------------------------------------
     0 | D:1      | Coron the Deep Dwarf Arcane Marksman began the quest for the Orb.
     0 | D:1      | Reached XP level 1. HP: 16/16 MP: 2/2
    11 | D:1      | Reached skill level 1 in Fighting
   168 | D:1      | Reached XP level 2. HP: 17/26 MP: 3/3
   854 | D:2      | Reached skill level 1 in Armour
   854 | D:2      | Reached XP level 3. HP: 13/33 MP: 4/4
   961 | D:2      | Noticed Ijyb
   973 | D:2      | Blown up by Ijyb

Vault maps used:
D:1:      dpeg_arrival_court
D:2:      uniq_iyjb

Skill      XL: |  1  2 |
---------------+-------+-----
Fighting       | 1 2 |  2.4
Armour         | 1 |  1.6
Throwing       | |  1.7
Dodging        | |  2.1
Spellcasting   | |  1.0
Hexes          | |  2.4

Action                   || total
-------------------------++-------
Melee: Spear             ||    44
       Unarmed           ||     4
Throw: Javelin           ||    41
 Cast: Corona            ||     1
Armor: Robe              ||     9
       Ring mail         ||    19
Dodge: Dodged            ||    51
